 Dungeon Crawl Stone Soup version 0.28.0-53-g5a82cb258f (webtiles) character file.

Game seed: 8296877725292412038

588 cbfl8 the Chopper (level 7, -8/61 HPs)
             Began as a Minotaur Berserker on July 27, 2022.
             Was a Priest of Trog.
             Killed by divine providence
             ... invoked by an orc priest
              (12 damage)
             ... on level 5 of the Dungeon.
             The game lasted 00:04:53 (4227 turns).

cbfl8 the Chopper (Minotaur Berserker)              Turns: 4227, Time: 00:04:54

Health: -8/61      AC:  7    Str: 21    XL:     7   Next: 15%
Magic:  6/6        EV: 16    Int:  4    God:    Trog [***...]
Gold:   220        SH:  0    Dex: 12    Spells: 6/6 levels left

rFire   . . .      SeeInvis .   a - +0 hand axe
rCold   . . .      Faith    .   (no shield)
rNeg    . . .      Spirit   .   e - +0 ring mail
rPois   .          Reflect  .   (helmet restricted)
rElec   .          Harm     .   (no cloak)
rCorr   .          Rampage  .   (no gloves)
Will    .....                   j - +0 pair of boots
Stlth   +.........              (no amulet)
HPRegen 0.20/turn               f - +4 ring of evasion
MPRegen 0.10/turn               (no ring)

@: on berserk cooldown, slowed, very slow
A: horns 2, retaliatory headbutt
a: Renounce Religion, Berserk, Trog's Hand


You were on level 5 of the Dungeon.
You worshipped Trog.
Trog was most pleased with you.
You visited 1 branch of the dungeon, and saw 5 of its levels.

You collected 220 gold pieces.

Inventory:

Hand Weapons
 a - a +0 hand axe (weapon)
Armour
 b - a +0 animal skin
 c - a +0 leather armour
 e - a +0 ring mail (worn)
 h - the +0 robe "Zistazxi" {rPois rF+ Str+5 Int-2}
   (You found it on level 3 of the Dungeon)

   Str:       It affects your strength (+5).
   Int:       It affects your intelligence (-2).
   rF:        It protects you from fire.
   rPois:     It protects you from poison.
 j - a +0 pair of boots (worn)
Jewellery
 f - a +4 ring of evasion (left hand)
Wands
 d - a wand of digging (5) (quivered)
Scrolls
 k - a scroll of immolation
 n - a scroll of summoning {unknown}
 p - a scroll of vulnerability {unknown}
 q - a scroll of teleportation {unknown}
Potions
 g - a potion of lignification {unknown}
 i - a potion of might {unknown}
 l - a potion of magic
 m - a potion of flight {unknown}
 o - a potion of brilliance {unknown}


   Skills:
 * Level 5.6 Fighting
 + Level 6.2 Axes
 + Level 4.5 Armour
 * Level 3.9 Dodging
 * Level 2.3 Stealth


You had 6 spell levels left.
You didn't know any spells.
Your spell library was empty.

Dungeon Overview and Level Annotations

Branches:
Dungeon (5/15)
 Temple: D:4-7

Altars:
Wu Jian
Xom
Yredelemnul
Zin

Shops:
D:2 ([=[   D:4 (

Annotations:
D:5 Grinder


Innate Abilities, Weirdness & Mutations

You have a pair of horns on your head.
You reflexively headbutt those who attack you in melee.


Message History

The orc is heavily wounded.
You slash the orc priest! You slash Edmund!
Edmund hits you with a +0 flail of protection.
The orc priest closely misses you. The orc barely misses you.
You closely miss the orc.
The orc is heavily wounded.
You hit Edmund but do no damage. You barely miss the orc priest.
You are no longer berserk.
You are exhausted.
You feel yourself slow down.
Unknown command.
You hit Edmund but do no damage.
Edmund is almost dead.
You hit the orc but do no damage. You hit the orc priest.
Edmund hits you but does no damage.
The orc priest miscasts a cantrip.
The orc hits you with a +0 hand axe.
A centaur zombie comes into view.
Edmund misses you. The orc priest barely misses you.
The orc hits you but does no damage.
You slash Edmund!
You kill Edmund!
Trog accepts your kill.
You barely miss the orc.
You hit the orc priest but do no damage.
The orc priest mumbles some strange prayers to Beogh against you.
Beogh smites you!
* * * LOW HITPOINT WARNING * * *
The orc priest misses you. The orc hits you with a +0 hand axe.
* * * LOW HITPOINT WARNING * * *
Grinder comes into view.
You have reached level 7!
Okay, then.
It was a potion of magic.
Magic courses through your body. The orc priest hits you with a +0 club.
* * * LOW HITPOINT WARNING * * *
The orc misses you. The orc barely misses you.
The orc priest mumbles some strange prayers to Beogh against you.
Beogh smites you!
You die...

.........[.... .#......
#..........# .....$...
##.........###.........
#..........##..........
##..........##..........
...##..###..#..##......#
.........##....$o#.Z..5.
.....##..##.....o)......
.....##...#..###@o....#
###..#..###..# #.)##...#
# #...............# .##
###..............##
.#...........##...
.............##...
..........)..##...
...................
...###........#


You could see Grinder (wandering), 2 orc priests, an orc and a centaur zombie.

Vanquished Creatures
  Edmund (D:5)
  A black bear (D:3)
  A necrophage (D:5)
  A kobold brigand (D:4)
  A scorpion (D:4)
  A howler monkey (D:4)
  2 gnolls (D:1)
  5 adders
  2 worms
  2 dart slugs
  6 orcs
  10 ball pythons
  7 endoplasms
  3 giant cockroaches
  6 goblins
  5 hobgoblins
  8 jackals
  2 bats (D:2)
  4 frilled lizards
  A jackal zombie (D:3)
  28 kobolds
  4 rats
101 creatures vanquished.

Vanquished Creatures (others)
  A human (D:3)
  A hound (D:3)
  An endoplasm (D:3)
  A hobgoblin (D:3)
  A kobold (D:3)
  A rat (D:3)
  26 plants (D:4)
32 creatures vanquished.

Grand Total: 133 creatures vanquished

Notes
Turn   | Place    | Note
-------+----------+-------------------------------------------
     0 | D:1      | cbfl8 the Minotaur Berserker began the quest for the Orb.
     0 | D:1      | Reached XP level 1. HP: 19/19 MP: 0/0
   202 | D:1      | Reached skill level 4 in Axes
   202 | D:1      | Reached XP level 2. HP: 6/27 MP: 1/1
   806 | D:1      | Reached XP level 3. HP: 33/33 MP: 2/2
   849 | D:1      | Found a faded altar of an unknown god.
  1448 | D:1      | You fall into a shaft and drop 1 floor!
  1620 | D:2      | Reached ** piety under Trog
  1668 | D:2      | You fall into a shaft and drop 1 floor!
  1747 | D:3      | Found a runed translucent door.
  1747 | D:3      | Noticed a human
  1760 | D:3      | Reached XP level 4. HP: 29/41 MP: 3/3
  1803 | D:3      | Found a basalt altar of Yredelemnul.
  2018 | D:3      | Identified the +0 robe "Zistazxi" {rPois rF+ Str+5 Int-2}
  2043 | D:3      | Found a shimmering altar of Xom.
  2082 | D:3      | Reached skill level 1 in Stealth
  2499 | D:3      | Killed a human
  2584 | D:3      | Noticed a black bear
  2590 | D:3      | Killed a black bear
  2591 | D:3      | Reached skill level 5 in Axes
  2591 | D:3      | Reached XP level 5. HP: 39/47 MP: 4/4
  2725 | D:3      | Found an ornate altar of the Wu Jian Council.
  2815 | D:2      | Found Iczim's Jewellery Shop.
  2850 | D:2      | Found Gaazaus's Antique Armour Shop.
  3066 | D:2      | Found a glowing silver altar of Zin.
  3085 | D:2      | Found Biog's Antique Weapon Boutique.
  3210 | D:2      | Found Viyth's Antique Armour Shop.
  3453 | D:4      | Reached *** piety under Trog
  3488 | D:4      | Reached skill level 5 in Fighting
  3769 | D:4      | Reached XP level 6. HP: 56/56 MP: 5/5
  3887 | D:4      | Found Fennemergh's Antique Weapon Shop.
  4142 | D:5      | Entered Level 5 of the Dungeon
  4142 | D:5      | Noticed a water moccasin
  4205 | D:5      | Noticed Edmund
  4215 | D:5      | Reached skill level 6 in Axes
  4226 | D:5      | Killed Edmund
  4226 | D:5      | Noticed Grinder
  4227 | D:5      | Reached XP level 7. HP: 5/61 MP: 6/6
  4227 | D:5      | Killed from afar by an orc priest

Illustrated notes

Levels and vault maps discovered:
D:1:      eino_arrival_cavern_e, layout_loops_corners,
          dreamdust_ecumenical_altar_grove, grunt_decor_cap
D:2:      layout_rooms, basic_altar, serial_shops, nicolae_shop_statue_plus,
          nicolae_shop_statue_plus, shop, nicolae_shop_hallway_plus
D:3:      layout_basic, dk_yredelemnul_ordeal, xom_confusion_cloud,
          pdpol_wu_jian_five_deadly_venoms
D:4:      kennysheep_kobold_camp, layout_rooms, serial_shops,
          nicolae_shop_hallway_plus, minmay_misc_feat_roman
D:5:      layout_cave_pools, kennysheep_slug_shrine, serial_shops, shop,
          cheibrodos_gnoll_hut, uniq_edmund, uniq_menkaure, uniq_sigmund,
          uniq_grinder

Skill      XL: |  1  2  3  4  5  6 |
---------------+-------------------+-----
Fighting       | 4 5 |  5.6
Axes           | 4 5 6 |  6.2
Armour         | 3 4 |  4.5
Stealth        | 1 2 |  2.3
Dodging        | 3 |  3.9

Action                   |  1- 3 |  4- 6 |  7- 9 || total
-------------------------+-------+-------+-------++-------
Melee: Hand axe          |    64 |   155 |       ||   219
       Headbutt          |     8 |    22 |       ||    30
Invok: Berserk           |     1 |     3 |       ||     4
       Trog's Hand       |       |     1 |       ||     1
  Use: Potion            |     1 |     4 |     1 ||     6
       Scroll            |       |     2 |       ||     2
Armor: Leather armour    |    12 |       |       ||    12
       Ring mail         |     9 |    42 |       ||    51
Dodge: Dodged            |    47 |   113 |     2 ||   162
